AoeStats
← kolemy

Arena

504946153Analyzed
4v4 RM · 24d ago on Sep 7, 2026· 45m 2s· 8 players
Game mode
Random Map
Map size
Large (8 player)
Population
200
Speed
Normal
Resources
Standard
Victory
Conquest
Starting age
Dark Age
Ending age
Imperial Age
RankedLock teamsTeams togetherTeam positionsShared explorationLock speedFull tech treeHidden civsTurbo modeCheats
Victory
Defeat
🇷🇴 Franks · Romania
714
+12
🇷🇺 Tupi · Russia
672
+13
🇨🇦 Romans · Canada
669
+13
🇨🇦 Byzantines · Canada
616
+16
🇹🇼 Franks · Taiwan
781
-20
🇬🇹 Vietnamese · Guatemala
576
-12
🇲🇽 Huns · Mexico
548
-11
🇲🇽 Aztecs · Mexico
541
-11
Triumph
10:46 Feudal Age
13:22 Double-Bit Axe
18:07 Castle Age
17:01 Horse Collar
19:52 Scale Mail Armor
21:16 Loom
26:40 Forging
28:23 Scale Barding Armor
29:16 Bow Saw
30:19 Gold Mining
30:20 Stone Mining
31:22 Squires
31:31 Heavy Plow
32:10 Gold Shaft Mining
31:59 Man-at-Arms
32:52 Fortified Wall
32:38 Murder Holes
33:50 Ballistics
33:53 Chain Mail Armor
34:14 Iron Casting
34:00 Chain Barding Armor
33:06 Long Swordsman
34:26 Wheelbarrow
33:38 Town Watch
35:32 Masonry
35:17 Fletching
35:44 Hand Cart
35:31 Town Patrol
35:34 Caravan
42:52 Imperial Age
40:05 Pikeman
43:03 Bodkin Arrow
44:09 Comitatenses
44:11 Conscription
43:13 Elite Centurion
45:00 Blast Furnace
45:03 Chemistry
44:33 Architecture
45:03 Siege Engineers
44:45 Legionary
chatonbrutal
0:29 Loom
12:46 Feudal Age
19:22 Castle Age
23:28 Double-Bit Axe
23:44 Crossbowman
26:47 Fervor
32:03 Gold Mining
32:27 Horse Collar
33:34 Thumb Ring
32:50 Elite Skirmisher
34:53 Wheelbarrow
34:41 Thumb Ring
37:58 Imperial Age
35:39 Thumb Ring
34:55 Elite Skirmisher
35:55 Redemption
36:07 Pikeman
36:52 Squires
36:38 Gambesons
36:38 Arson
37:34 Scale Mail Armor
37:44 Forging
37:25 Fletching
37:36 Padded Archer Armor
38:06 Hand Cart
37:54 Heavy Plow
39:51 Chemistry
39:11 Ballistics
38:32 Treadmill Crane
39:12 Arrowslits
39:37 Fortified Wall
Light
12:45 Feudal Age
13:26 Double-Bit Axe
13:50 Horse Collar
17:16 Castle Age
15:04 Loom
15:57 Fletching
16:24 Town Watch
19:45 Bodkin Arrow
28:09 Ballistics
31:03 Wheelbarrow
35:12 Imperial Age
32:48 Padded Archer Armor
33:01 Murder Holes
33:58 Hand Cart
34:04 Leather Archer Armor
33:52 Town Patrol
36:15 Bracer
37:20 Chemistry
38:06 Ring Archer Armor
37:59 Conscription
39:27 Curare
39:32 Elite Blackwood Archer
40:15 Treadmill Crane
40:41 Heavy Plow
40:51 Bow Saw
40:32 Gold Mining
40:32 Stone Mining
43:13 Two-Man Saw
43:32 Hoardings
roLynxLynx
10:40 Feudal Age
10:28 Loom
12:43 Double-Bit Axe
19:18 Castle Age
18:10 Man-at-Arms
19:05 Forging
21:46 Fletching
21:59 Padded Archer Armor
22:30 Husbandry
23:42 Wheelbarrow
23:50 Arson
24:06 Squires
30:17 Elite Skirmisher
31:54 Bow Saw
35:08 Imperial Age
34:12 Bodkin Arrow
34:32 Leather Archer Armor
34:54 Hand Cart
34:40 Gold Mining
34:41 Stone Mining
35:20 Hand Cart
36:28 Conscription
36:34 Conscription
37:34 Iron Casting
37:22 Fortified Wall
37:08 Murder Holes
38:10 Pikeman
38:51 Squires
39:09 Cavalier
40:50 Scale Mail Armor
42:42 Town Watch
44:20 Paladin
QC FENIX
10:44 Feudal Age
12:01 Wheelbarrow
11:14 Double-Bit Axe
11:36 Horse Collar
20:10 Castle Age
22:22 Hand Cart
22:46 Gold Mining
22:50 Stone Mining
27:26 Scale Barding Armor
27:33 Forging
27:58 Husbandry
28:09 Bloodlines
28:30 Marauders
29:30 Bow Saw
29:23 Heavy Plow
30:02 Gold Shaft Mining
33:33 Imperial Age
32:13 Caravan
33:45 Chain Barding Armor
34:01 Iron Casting
33:34 Elite Tarkan
37:30 Plate Barding Armor
37:56 Blast Furnace
Karma KoS
0:38 Loom
11:48 Feudal Age
13:43 Arson
14:15 Gold Mining
14:16 Double-Bit Axe
14:20 Horse Collar
18:28 Forging
18:19 Scale Mail Armor
22:59 Castle Age
25:20 Iron Casting
26:29 Squires
26:15 Gambesons
27:34 Eagle Warrior
29:32 Fletching
29:59 Chain Mail Armor
29:44 Padded Archer Armor
30:21 Crossbowman
kolemy
0:48 Loom
12:56 Feudal Age
13:33 Double-Bit Axe
16:53 Wheelbarrow
16:04 Town Watch
18:03 Horse Collar
23:03 Castle Age
老多金仙人
8:03 Loom
10:21 Feudal Age
10:47 Double-Bit Axe
16:49 Castle Age
15:15 Stone Mining
16:29 Gold Mining
19:49 Bow Saw
24:21 #83
24:27 Forging
24:55 Fletching
25:44 Squires
26:43 Fervor
28:47 Wheelbarrow
28:50 Iron Casting
28:49 Scale Mail Armor
29:49 Arson
35:07 Imperial Age
35:04 Hand Cart
35:06 Chain Mail Armor
37:12 Blast Furnace
36:35 Conscription
37:00 Plate Mail Armor
Connection lost

Rejoining the realm…

Still unreachable

The connection could not be restored.

Session expired

The server has moved on; the page needs a fresh start.